 Dungeon Crawl Stone Soup version 0.29-a0-789-g7a8fcbc185 (webtiles) character file.

Game seed: 13179532293121142761

4826 buhh the Nimble (level 10, 0/61 HPs)
             Began as a Felid Transmuter on July 2, 2022.
             Was an Initiate of Gozag.
             Killed from afar by a gargoyle (22 damage)
             ... with a stone arrow
             ... on level 11 of the Dungeon.
             The game lasted 00:27:53 (16306 turns).

buhh the Nimble (Felid Transmuter)                 Turns: 16306, Time: 00:27:53

Health: 0/61       AC:  6    Str:  6    XL:     10   Next: 25%
Magic:  7/14       EV: 17    Int: 20    God:    Gozag
Gold:   1673       SH:  5    Dex: 16    Spells: 0/13 levels left
                                        Lives:  0   Deaths: 3

rFire   x . .      SeeInvis +     - Unarmed
rCold   + + +      Faith    .   (shield unavailable)
rNeg    . . .      Spirit   .   (body armour unavailable)
rPois   +          Reflect  +   (helmet unavailable)
rElec   .          Harm     .   (cloak unavailable)
rCorr   .          Rampage  .   (gloves unavailable)
Will    +....                   (boots unavailable)
Stlth   +++.......              f - amulet of reflection
HPRegen 0.20/turn               k - ring of poison resistance
MPRegen 0.14/turn               u - ring of wizardry

@: ice-form, gold aura
A: freezing attack, amphibious, boosted hp, large, (claws 1), (fangs 3), see
invisible, (speed 1), (shaggy fur 2), (stealthy paws), no weapons or thrown
items, no armour, multi-lived
a: End Transformation, Renounce Religion, Potion Petition, Call Merchant, Bribe
Branch


You were on level 11 of the Dungeon.
You worshipped Gozag.
Gozag was most pleased with you.
You were a creature of crystalline ice.
You visited 2 branches of the dungeon, and saw 13 of its levels.

You collected 1749 gold pieces.
You paid 76 gold pieces to Gozag.

Inventory:

Missiles
 a - a throwing net {!f}
 b - 50 poisoned darts
Jewellery
 f - an amulet of reflection (around neck)
 h - an amulet of the acrobat
 k - a ring of poison resistance (left front paw)
 s - a ring of magical power
 u - a ring of wizardry (right front paw)
Wands
 j - a wand of polymorph (1)
 p - a wand of mindburst (4)
 v - a wand of digging (4)
 G - a wand of paralysis (1)
Scrolls
 c - a scroll of blinking {!d}
 d - 2 scrolls of vulnerability
 g - a scroll of identify {!d}
 i - a scroll of silence {!r}
 m - 3 scrolls of poison
 q - 2 scrolls of fear {!r}
 t - a scroll of teleportation {!d}
 Q - a scroll of fog
 T - a scroll of immolation {!d}
Potions
 e - 3 potions of attraction
 l - a potion of lignification {!d}
 o - 4 potions of flight {unknown}
 r - a potion of mutation {unknown}
 x - a potion of degeneration {unknown}
 H - a potion of invisibility {!q!d}
 K - a potion of brilliance {!q!d}
 L - a potion of resistance {!q!d}
 M - a potion of heal wounds {!q!d}
 N - 4 potions of curing {!q!d}
 O - 3 potions of haste {!q!d}
 V - 4 potions of cancellation {!q!d}


   Skills:
 * Level 10.1 Fighting
 * Level 13.4 Dodging
 - Level 5.0 Stealth
 * Level 10.1 Unarmed Combat
 - Level 2.0 Spellcasting
 - Level 6.0 Transmutations
 - Level 2.0 Poison Magic


You couldn't memorise any spells.
You knew the following spells:

 Your Spells              Type           Power      Damage    Failure   Level
a - Beastly Appendage     Tmut           52%        N/A       1%          1
b - Wereblood             Tmut           26%        N/A       1%          2
c - Spider Form           Tmut/Pois      18%        N/A       3%          3
d - Ice Form              Ice/Tmut       14%        N/A       17%         4
e - Frozen Ramparts       Ice            4%         1d2       19%         3

Your spell library contained the following spells:

 Spells                   Type           Power      Damage    Failure   Level
 Passwall                 Tmut/Erth      11%        N/A       2%          2
 Sandblast                Erth           4%         2d4       6%          1
 Poisonous Vapours        Pois/Air       12%        N/A       6%          2
 Static Discharge         Conj/Air       2%         3-4/arc   10%         2
 Call Canine Familiar     Summ           2%         N/A       19%         3
 Stone Arrow              Conj/Erth      4%         3d7       19%         3
 Dispel Undead            Necr           2%         3d7       50%         4
 Leda's Liquefaction      Hex/Erth       1%         N/A       50%         4
 Sticky Flame             Conj/Fire      2%         2d3       50%         4
 Summon Ice Beast         Ice/Summ       2%         N/A       50%         4
 Freezing Cloud           Conj/Ice/Air   1%         6-21      83%         5
 Polar Vortex             Ice            1%         N/A       100%        9
 Portal Projectile        Hex/Tloc       Unusable   N/A       N/A         3
 Corpse Rot               Necr/Pois/Air  Unusable   N/A       N/A         4
 Simulacrum               Ice/Necr       Unusable   N/A       N/A         6

Dungeon Overview and Level Annotations

Branches:
Dungeon (12/15) Zot: 26091  Temple (1/1) D:4 Zot: 5886    Lair (0/6) D:11
    Orc (0/2) D:11

Altars:
Ashenzari
Cheibriados
Dithmenos
Elyvilon
Fedhas
Gozag
Hepliaklqana
Kikubaaqudgha
Makhleb
Nemelex Xobeh
Okawaru
Qazlal
Ru
Sif Muna
Trog
Uskayaw
Vehumet
Wu Jian
Xom
Yredelemnul
Zin
The Shining One

Shops:
D:2 =   D:11 =

Annotations:
D:6 1 runed translucent door, Crazy Yiuf
D:11 3 runed translucent doors, Urug
D:12 Snorg


Innate Abilities, Weirdness & Mutations

You are a creature of crystalline ice.
You have a powerful freezing melee attack.
You are amphibious.
Your maximum health is increased.
((You have sharp claws.))
((You have razor-sharp teeth.))
You have supernaturally acute eyesight. (SInv)
((You cover ground quickly. (Speed+)))
((You are covered in thick fur. (AC +2)))
((Your paws help you pounce on unaware monsters.))
You are incapable of wielding weapons or throwing items.
You cannot wear armour.
You gain extra lives every three experience levels.


Message History

The gargoyle hurls a stone arrow at you.
The stone arrow misses you.
Okay, then.
Casting: Frozen Ramparts (dangerous; 19% risk of failure)
Press: ? - help, Dir - look around, f - activate The walls around you are covered in ice.
The wall freezes the gargoyle.
The gargoyle hurls a stone arrow at you.
The stone arrow hits you!!
Really quaff
N - 5 potions of curing {!q!d}?
You feel better.
The wall freezes the gargoyle. x2
You punch the gargoyle! You freeze the gargoyle.
The gargoyle is heavily damaged.
The wall freezes the gargoyle.
The gargoyle closely misses you.
The wall freezes the gargoyle.
You hit the gargoyle but do no damage.
The gargoyle is heavily damaged.
The wall freezes the gargoyle.
You block the gargoyle's attack.
The wall freezes the gargoyle.
You hit the gargoyle. You freeze the gargoyle.
The gargoyle is severely damaged.
The wall freezes the gargoyle.
The gargoyle barely misses you.
The wall freezes the gargoyle.
You hit the gargoyle but do no damage.
The gargoyle is almost destroyed.
You hit the gargoyle but do no damage.
The gargoyle is almost destroyed.
The wall freezes the gargoyle.
The gargoyle hurls a stone arrow at you.
The stone arrow hits you!!
The wall freezes the gargoyle.
You punch the gargoyle! You freeze the gargoyle.
You destroy the gargoyle!
The wall freezes the gargoyle.
You barely miss the gargoyle.
The gargoyle is heavily damaged.
The frozen ramparts melt away.
The gargoyle hurls a stone arrow at you.
The stone arrow hits you!!
You die...
Your body crumbles into a pile of gold.

######.#...# #.# #.# #.# #.#
... #.#...###.# #.# #.# #.#
#### #........># #.# #.# #.#
.. #.#....###### #.# #.# #.#
##.#.#....# #.###.####.###
∩#.#.#.#.## #.#..........#
##.#.#.#.# #.#........#.# ..
#.#.#.##########.#....#.#.#.#
####
#.#......<.Y9..#.####.#.#.#
... #.#############..#
#.#.#.## ######.# #.##
#.#.#..<
.......#############.#
#.#.###.
............#.....#..# #.#.#
#. ###########..........#
#.#.# #. ##..........$##
#....# #.
#..P......9...##...l.# #.
##............$......# #.


You could see a gargoyle.

Vanquished Creatures
  5 two-headed ogres
  Pikel (D:6)
  Joseph (D:7)
  A gargoyle (D:11)
  3 trolls
  Prince Ribbit (D:6)
  Eustachio (D:6)
  A wraith (D:10)
  3 wyverns (D:11)
  2 shadows
  11 yaks (D:10)
  A basilisk (D:11)
  A steam dragon (D:10)
  A vampire mosquito (D:10)
  5 water moccasins
  An orc warrior (D:11)
  3 sky beasts
  2 black bears
  A centaur (D:8)
  An ogre (D:6)
  3 wolves (D:11)
  A phantom (D:4)
  4 kobold brigands
  3 bullfrogs
  A gnoll sergeant (D:5)
  4 scorpions
  9 wights
  5 killer bees (D:9)
  3 howler monkeys (D:11)
  2 hounds
  A bouda (D:8)
  An orc priest (D:5)
  A jelly (D:7)
  4 orc wizards
  6 iguanas
  7 gnolls
  7 adders
  2 white imps
  An ufetubus (D:6)
  3 worms
  4 dart slugs
  21 orcs
  11 ball pythons
  4 bats
  12 endoplasms
  2 giant cockroaches
  5 goblins
  6 hobgoblins
  12 jackals
  3 quokkas
  3 frilled lizards
  19 kobolds
  9 rats
  A spectral goblin (D:1)
  A spectral orc (D:8)
227 creatures vanquished.

Vanquished Creatures (others)
  5 fungi (D:11)
  24 plants
29 creatures vanquished.

Grand Total: 256 creatures vanquished

Notes
Turn   | Place    | Note
-------+----------+-------------------------------------------
     0 | D:1      | buhh the Felid Transmuter began the quest for the Orb.
     0 | D:1      | Reached XP level 1. HP: 9/9 MP: 4/4
   425 | D:1      | Reached XP level 2. HP: 10/12 MP: 4/6
   427 | D:1      | Reached skill level 3 in Dodging
   869 | D:1      | Found a faded altar of an unknown god.
   870 | D:1      | You fall into a shaft and drop 1 floor!
  1230 | D:1      | Reached XP level 3. HP: 7/15 MP: 5/7
  2461 | D:2      | Found Cithrery's Jewellery Boutique.
  2515 | D:2      | Learned a level 2 spell: Wereblood
  2519 | D:2      | Learned a level 3 spell: Spider Form
  2984 | D:3      | Reached XP level 4. HP: 19/19 MP: 6/8
  3903 | D:3      | Reached skill level 4 in Dodging
  4117 | D:3      | Found a burning altar of Makhleb.
  4119 | D:3      | Noticed an Executioner
  4174 | D:4      | Found a staircase to the Ecumenical Temple.
  4183 | Temple   | Entered the Ecumenical Temple
  4316 | D:4      | Reached XP level 5. HP: 23/23 MP: 7/9
  4353 | Temple   | Became a worshipper of Gozag Ym Sagoz the Greedy
  4381 | D:4      | Reached skill level 5 in Dodging
  4381 | D:4      | Gained mutation: You are covered in thick fur. (AC +2)
                  | [Felid growth]
  4381 | D:4      | Reached XP level 6. HP: 28/28 MP: 10/10
  4708 | D:4      | Found a hide-covered altar of Uskayaw.
  5574 | D:4      | Reached XP level 7. HP: 30/31 MP: 7/11
  6293 | D:5      | Entered Level 5 of the Dungeon
  7547 | D:5      | Found a snail-covered altar of Cheibriados.
  8118 | D:6      | Reached skill level 6 in Dodging
  8300 | D:6      | Found a hazy altar of Hepliaklqana.
  8416 | D:6      | Reached XP level 8. HP: 28/36 MP: 6/12
  8439 | D:6      | Noticed Pikel
  8451 | D:6      | Killed Pikel
  8452 | D:6      | Reached skill level 7 in Dodging
  8477 | D:6      | Noticed Prince Ribbit
  8588 | D:6      | Killed Prince Ribbit
  8691 | D:6      | Reached skill level 8 in Dodging
  8812 | D:6      | Reached XP level 9. HP: 30/41 MP: 10/13
  9220 | D:6      | Noticed Eustachio
  9380 | D:6      | Killed Eustachio
 10020 | D:6      | Found a runed translucent door.
 10021 | D:6      | Noticed Crazy Yiuf
 10050 | D:6      | Found an ornate altar of the Wu Jian Council.
 10711 | D:7      | Noticed Joseph
 10730 | D:7      | Killed from afar by a white imp
 10731 | D:7      | Reached XP level 8. HP: -3/39 MP: 9/12
 10744 | D:7      | Killed Joseph
 10745 | D:7      | Reached skill level 9 in Dodging
 10841 | D:7      | Found an ancient bone altar of Kikubaaqudgha.
 11279 | D:8      | Noticed a two-headed ogre
 11290 | D:8      | Reached XP level 9. HP: 37/43 MP: 9/13
 11308 | D:8      | Killed a two-headed ogre
 11309 | D:8      | Reached skill level 10 in Dodging
 12140 | D:8      | Found a bloodstained altar of Trog.
 12219 | D:8      | Found a sacrificial altar of Ru.
 12318 | D:8      | Found a basalt altar of Yredelemnul.
 12874 | D:9      | Found a radiant altar of Vehumet.
 12917 | D:9      | Found a white marble altar of Elyvilon.
 12939 | D:9      | Found a blossoming altar of Fedhas.
 12966 | D:9      | Noticed a troll
 12975 | D:9      | Killed a troll
 13009 | D:9      | Noticed a two-headed ogre
 13022 | D:9      | Killed a two-headed ogre
 13023 | D:9      | Reached XP level 10. HP: 48/48 MP: 10/14
 13361 | D:10     | Entered Level 10 of the Dungeon
 13445 | D:10     | Reached skill level 11 in Dodging
 13940 | D:10     | Found a broken altar of Ashenzari.
 14293 | D:10     | Learned a level 4 spell: Ice Form
 14297 | D:10     | Learned a level 3 spell: Frozen Ramparts
 14856 | D:11     | Reached skill level 12 in Dodging
 14919 | D:11     | Found a staircase to the Lair.
 14924 | D:11     | Noticed a two-headed ogre
 14925 | D:11     | Noticed a gargoyle
 14927 | D:11     | Slain by a water moccasin
 14928 | D:11     | Reached XP level 9. HP: 0/45 MP: 12/13
 14953 | D:11     | Killed a two-headed ogre
 14954 | D:11     | Reached XP level 10. HP: 11/49 MP: 6/14
 15280 | D:11     | Noticed Urug
 15302 | D:12     | Noticed Snorg
 15314 | D:11     | Noticed a two-headed ogre
 15337 | D:11     | Demolished by a gargoyle
 15338 | D:11     | Reached XP level 9. HP: -14/55 MP: 13/13
 15338 | D:11     | Noticed a gargoyle
 15343 | D:11     | Noticed a two-headed ogre
 15347 | D:11     | Found a runed translucent gate.
 15348 | D:11     | Found a runed translucent gate.
 15348 | D:11     | Found a runed translucent gate.
 15349 | D:11     | Noticed a glowing orange brain
 15349 | D:11     | Noticed an orb spider
 15349 | D:11     | Noticed a brown ugly thing
 15349 | D:11     | Noticed a cyan ugly thing
 15349 | D:11     | Noticed an eye of devastation
 15349 | D:11     | an orb spider changed into an eye of devastation
 15349 | D:11     | Noticed a purple ugly thing
 15350 | D:11     | Noticed a purple ugly thing
 15350 | D:11     | Noticed a green ugly thing
 15350 | D:11     | Noticed a green ugly thing
 15354 | D:11     | Noticed a steelbarb worm
 15354 | D:11     | an eye of devastation changed into a steelbarb worm
 15356 | D:11     | Noticed a mana viper
 15356 | D:11     | a steelbarb worm changed into a mana viper
 15364 | D:11     | Killed a two-headed ogre
 15471 | D:11     | Killed a two-headed ogre
 15568 | D:11     | Reached skill level 13 in Dodging
 15592 | D:11     | Noticed a komodo dragon
 15611 | D:11     | Reached XP level 10. HP: 26/51 MP: 11/14
 16158 | D:11     | Found Doebij's Jewellery Emporium.
 16260 | D:11     | Found a staircase to the Orcish Mines.
 16305 | D:11     | Killed a gargoyle
 16306 | D:11     | Killed from afar by a gargoyle

Illustrated notes

Levels and vault maps discovered:
D:1:      dpeg_arrival_solitude, layout_basic,
          dreamdust_ecumenical_altar_drowned_temple
D:2:      layout_rooms, serial_shops, shop_fountains, minmay_misc_feat_diagonals
D:3:      minmay_diamond_boxcup, layout_loops_ring, makhleb_altar_promises_db
D:4:      layout_loops_corners, mainiacjoe_overflow_catwalk,
          minmay_temple_entry_tees, serial_forest, infiniplex_forest_end_1,
          infiniplex_forest_lined_corner, infiniplex_forest_straight_3,
          infiniplex_forest_zigzag_1, infiniplex_forest_clump_tiny,
          infiniplex_forest_end_double, corexii_corridor_pit
D:5:      layout_gridville, lemuel_tele_altar
D:6:      layout_cave_pools, nzn_wu_jian_council_hall,
          nicolae_hepliaklqana_hippocampus, uniq_pikel, uniq_prince_ribbit1,
          uniq_eustachio, uniq_crazy_yiuf_cottage
D:7:      layout_cave_pools, lemuel_doored_altar, uniq_joseph
D:8:      layout_basic, yredelemnul_forgotten_temple_becter,
          mainiacjoe_overflow_two_lobes
D:9:      layout_loops_cross, nicolae_overflow_crystal_walls,
          mainiacjoe_overflow_concentric_impassable,
          nicolae_elyvilon_temple_path
D:10:     layout_basic, cheibrodos_ashenzari_chains, kennysheep_potato
D:11:     layout_loops_ring, minmay_lair_entry_grove, serial_shops,
          nicolae_inconvenience_store,
          ploomutoo_gammafunk_ghost_potion_laboratory, uniq_urug
D:12:     layout_loops_cross, uniq_snorg
Temple:   hellmonk_temple_beads

Skill      XL: |  1  2  3  4  5  6  7  8  9 10 |
---------------+-------------------------------+-----
Stealth        | 1 2 3 5 |  5.0
Dodging        | 3 4 5 6 9 13 12 | 13.4
Fighting       | 2 3 4 7 10 9 | 10.1
Unarmed Combat | 4 5 6 8 10 | 10.1
Poison Magic   | 1 2 |  2.0
Transmutations | 3 4 5 6 |  6.0
Spellcasting   | |  2.0

Action                   |  1- 3 |  4- 6 |  7- 9 | 10-12 || total
-------------------------+-------+-------+-------+-------++-------
Melee: Unarmed           |   127 |   104 |   430 |   166 ||   827
       Headbutt          |    13 |    10 |    10 |       ||    33
       Bite              |     8 |     7 |     6 |     3 ||    24
       Punch             |     7 |     2 |     4 |     1 ||    14
 Cast: Beastly Appendage |    34 |    21 |    17 |     2 ||    74
       Spider Form       |       |     2 |    50 |    13 ||    65
       Wereblood         |       |       |     1 |     1 ||     2
       Frozen Ramparts   |       |       |     1 |     4 ||     5
       Ice Form          |       |       |       |     3 ||     3
Evoke: Wand              |       |     7 |    20 |     1 ||    28
  Use: Potion            |       |     2 |     2 |     2 ||     6
       Scroll            |       |       |    17 |     5 ||    22
 Stab: Sleeping          |     8 |       |     5 |     1 ||    14
       Distracted        |       |       |     3 |     2 ||     5
       Paralysed         |       |       |    18 |       ||    18
Armor: Skin              |     6 |    18 |    30 |    15 ||    69
Dodge: Dodged            |   104 |    74 |   379 |   113 ||   670
Block: Other             |       |       |    14 |    36 ||    50
       Reflection        |       |       |     1 |     1 ||     2

Table legend: (Time is in decaauts)
 A = Elapsed time spent in this place.
 B = Non-inter-level travel time spent in this place.
 C = Inter-level travel time spent in this place.
 D = Time resting spent in this place.
 E = Time spent auto-exploring this place.
 F = Levels seen in this place.
 G = Mean time per level.
                   A        B        C        D        E       F      G
               +--------+--------+--------+--------+--------+-----+--------+
         Total |  14755 |  14297 |    458 |   3244 |   8691 |  13 | 1135.0 |
       Dungeon |  14642 |  14215 |    427 |   3244 |   8619 |  12 | 1220.2 |
        Temple |    113 |     83 |     30 |      0 |     72 |   1 |  113.0 |
               +--------+--------+--------+--------+--------+-----+--------+

Top non-repeatable levels by time:
     D:5: 2053 daAuts
     D:6: 1934 daAuts
     D:1: 1714 daAuts
     D:4: 1608 daAuts
     D:3: 1454 daAuts
    D:11: 1377 daAuts
    D:10: 1313 daAuts
     D:8: 1079 daAuts
     D:9: 811 daAuts
     D:2: 719 daAuts
     D:7: 573 daAuts
  Temple: 113 daAuts
    D:12: 1 daAuts
